 Dungeon Crawl Stone Soup version 0.25.0-9-g26727b6 (webtiles) character file.

Game seed: 12857837667995141334

4 ratboy the Firebug (level 1, -1/13 HPs)
             Began as a Gnoll Wanderer on June 19, 2020.
             Slain by a jackal (2 damage)
             ... on level 1 of the Dungeon.
             The game lasted 00:00:45 (65 turns).

ratboy the Firebug (Gnoll Wanderer)                   Turns: 65, Time: 00:00:45

Health: -1/13      AC:  2    Str: 12    XL:     1   Next: 60%
Magic:  6/6        EV: 11    Int: 15    God:
Gold:   0          SH:  0    Dex: 15    Spells: 8/9 levels left

rFire    . . .     SeeInvis .   a - +2 short sword
rCold    . . .     Gourm    .   (no shield)
rNeg     . . .     Faith    .   d - +0 robe
rPois    .         Spirit   .   (no helmet)
rElec    .         Reflect  .   (no cloak)
rCorr    .         Harm     .   (no gloves)
MR       .....                  (no boots)
Stlth    +++.......             (no amulet)
HPRegen  0.04/turn              (no ring)
MPRegen  0.10/turn              (no ring)

@: about to teleport
A: distributed training, fangs 1, strong nose
a: no special abilities


You were on level 1 of the Dungeon.
You were not hungry.

You visited 1 branch of the dungeon, and saw 1 of its levels.

Inventory:

Hand Weapons
 a - a +2 short sword (weapon)
 e - a +0 dagger
Armour
 d - a +0 robe (worn)
Comestibles
 c - a chunk of flesh
 f - a ration


   Skills:
 + Level 0.0 Fighting
 + Level 2.3 Short Blades
 + Level 0.0 Long Blades
 + Level 0.0 Axes
 + Level 0.0 Maces & Flails
 + Level 0.0 Polearms
 + Level 0.0 Staves
 + Level 0.0 Slings
 + Level 0.0 Bows
 + Level 0.0 Crossbows
 + Level 4.4 Throwing
 + Level 0.0 Armour
 + Level 0.0 Dodging
 + Level 4.0 Stealth
 + Level 0.0 Shields
 + Level 0.0 Unarmed Combat
 + Level 4.8 Spellcasting
 + Level 0.0 Conjurations
 + Level 0.0 Hexes
 + Level 0.0 Charms
 + Level 0.0 Summonings
 + Level 0.0 Necromancy
 + Level 0.0 Translocations
 + Level 0.0 Transmutations
 + Level 5.3 Fire Magic
 + Level 0.0 Ice Magic
 + Level 0.0 Air Magic
 + Level 0.0 Earth Magic
 + Level 0.0 Poison Magic
 + Level 0.1 Invocations
 + Level 0.0 Evocations


You had 8 spell levels left.
You knew the following spells:

 Your Spells              Type           Power        Failure   Level  Hunger
a - Foxfire               Conj/Fire      ##..         5%          1    None

Your spell library contained the following spells:

 Spells                   Type           Power        Failure   Level  Hunger
 Inner Flame              Hex/Fire       ##......     16%         3    ###....


Dungeon Overview and Level Annotations

Branches:
Dungeon (1/15)

Altars:


Innate Abilities, Weirdness & Mutations

Your experience applies equally to all skills.
You have very sharp teeth.
Your uncanny sense of smell can sniff out nearby items.


Message History

As you open the door, it creaks loudly! The jackal closely misses you.
The jackal barely misses you. x2
The jackal bites you but does no damage.
A bat comes into view.
The bat barely misses you.
Found a leather armour.
There is an open door here. 2 bats, a rat, a hobgoblin and a dart slug come into view.
The bat hits you but does no damage. The bat misses you.
Found a white potion and a glowing dagger.
As you read the scroll of teleportation, it crumbles to dust.
You feel strangely unstable. The bat closely misses you. The bat hits you.
* * * LOW HITPOINT WARNING * * *
The jackal misses you. The bat hits you but does no damage.
The jackal closely misses you. The bat closely misses you.
The bat hits you but does no damage. The bat hits you.
* * * LOW HITPOINT WARNING * * *
The jackal bites you.
You die...

[.#.#.##.. ∆
#.#w.....g#.#.....
##.........#...≈≈≈≈
#........b....≈≈≈≈≈
#....r....##..≈≈≈≈≈
#..........#..≈≈≈≈≈
#.%.######.#...≈≈≈≈
#bhb'..)...........
##g.h##†###.##......
#.......# #....####.
#.....#.# ####....#.
#.....#... ##....#.
######.....##.....##
.....##.....##
.....##.....##
#.....##.......
.....##....###


You could see a dart slug, 2 jackals, 2 bats and a rat.

Vanquished Creatures
  A hobgoblin (D:1)
  A jackal (D:1)
  A frilled lizard (D:1)
  A rat (D:1)
4 creatures vanquished.

Notes
Turn   | Place    | Note
-------+----------+-------------------------------------------
     0 | D:1      | ratboy the Gnoll Wanderer began the quest for the Orb.
     0 | D:1      | ratboy set off with the following items: a +2 short sword,
                  | a scroll of teleportation, a +0 robe, a +0 dagger, a
                  | ration; and the following spell memorised: Foxfire; and the
                  | following spells available to memorise: Inner Flame
     0 | D:1      | Reached XP level 1. HP: 13/13 MP: 6/6
    65 | D:1      | Slain by a jackal

Illustrated notes

Levels and vault maps discovered:
D:1:      dpeg_arrival_pits, layout_basic

Action                   || total
-------------------------++-------
Melee: Short sword       ||    16
  Use: Scroll            ||     1
Armor: Robe              ||     6
Dodge: Dodged            ||    18
